 Dungeon Crawl Stone Soup version 0.30-a0-1066-g63dfefce0d (webtiles) character file.

Game seed: 9582817606534350474

70 qeuew the Sneak (level 4, 0/21 HPs)
             Began as a Spriggan Enchanter on Apr 12, 2023.
             Slain by a black bear (4 damage)
             ... on level 3 of the Dungeon.
             The game lasted 00:03:39 (2092 turns).

qeuew the Sneak (Spriggan Enchanter)                Turns: 2092, Time: 00:03:40

Health: 0/21       AC:  2    Str:  1 (4)  XL:     4   Next: 4%
Magic:  10/10      EV: 17    Int: 14 (16) God:
Gold:   69         SH:  0    Dex: 13 (15) Spells: 1/9 levels left

rFire   . . .      SeeInvis +    a - +1 dagger
rCold   . . .      Faith    .    (no shield)
rNeg    . . .      Spirit   .    b - +0 robe
rPois   .          Reflect  .    (helmet restricted)
rElec   .          Rampage  .    (no cloak)
rCorr   .                        (gloves unavailable)
Will    .....                    (boots unavailable)
Stlth   +++                      (no amulet)
HPRegen 0.23/turn                (no ring)
MPRegen 0.12/turn                (no ring)

@: unable to drink, very quick
A: very small, no large weapons, unfitting armour, see invisible, speed 3,
clumsy 1, inability to drink after injury 1
a: no special abilities


You were on level 3 of the Dungeon.
You visited 1 branch of the dungeon, and saw 3 of its levels.

You collected 69 gold pieces.

Inventory:

Hand Weapons
 a - a +1 dagger (weapon)
Armour
 b - a +0 robe (worn)
Jewellery
 c - an amulet of faith
Scrolls
 f - a scroll of teleportation
Potions
 e - a potion of resistance
 g - a potion of curing


   Skills:
 + Level 1.8 Short Blades
 + Level 3.3 Dodging
 * Level 5.7 Stealth
 + Level 3.3 Spellcasting
 * Level 4.1 Hexes


You had one spell level left.
You knew the following spells:

 Your Spells              Type           Power      Damage    Failure   Level
a - Ensorcelled Hibernat  Hex/Ice        16%        N/A       14%         2
b - Confusing Touch       Hex            13%        N/A       12%         3
c - Tukima's Dance        Hex            13%        N/A       12%         3

Your spell library contained the following spells:

 Spells                   Type           Power      Damage    Failure   Level
 Dazzling Flash           Conj/Hex       16%        N/A       26%         3
 Gell's Gravitas          Tloc           2%         N/A       52%         3
 Teleport Other           Tloc           2%         N/A       52%         3
 Dispersal                Tloc           1%         N/A       100%        6


Dungeon Overview and Level Annotations

Branches:
Dungeon (3/15)

Altars:

Annotations:
D:1 1 runed translucent door


Innate Abilities, Weirdness & Mutations

You are very small and have problems with some larger weapons.
You are too small for most types of armour.
You have supernaturally acute eyesight. (SInv)
You cover ground extremely quickly. (Speed+++)
You are clumsy. (Dex -2)
You occasionally lose the ability to drink potions when taking damage.


Message History

Aim: an adder (chance to affect: 50%)
The adder resists with some effort.
The adder bites you.
You are poisoned.
The adder poisons you! The black bear misses you. The black bear claws you. x2
You feel threatened and lose the ability to drink potions!
You feel sick.
You feel sick.
The black bear goes berserk!
A jackal comes into view.
There is a stone staircase leading up here.
You cannot drink potions in your current state!
You feel sick.
The jackal barks!
You climb upwards.
You feel sick.
There is a stone staircase leading down here.
You can drink potions again.
You feel sick.
You feel sick.
You feel sick.
You are no longer poisoned.
Your extra speed is starting to run out.
You feel yourself slow down.
Magic restored.
HP restored.
Done exploring.
Okay, then.
You climb downwards.
The adder bites you. The black bear completely misses you.
The black bear claws you but does no damage.
The black bear claws you. The adder closely misses you.
The black bear closely misses you. The black bear claws you. x2
You feel threatened and lose the ability to drink potions!
There is a stone staircase leading up here.
Unknown command.
The adder bites you.
* * * LOW HITPOINT WARNING * * *
The adder closely misses you. The black bear misses you.
The black bear claws you.
* * * LOW HITPOINT WARNING * * *
The black bear claws you.
You die...

..... #.. ....
..#. ... ....
.. ####... #.
..#..##
#h###.....
#.h##..#
#@h..#
#.####S...#
#........##
#####[........
##........
#....>....
#...#.....
......#...
#...#.###.#


You could see a black bear, an adder and 2 jackals.

Vanquished Creatures
  Natasha (D:1)
  An adder (D:2)
  A dart slug (D:2)
  7 bats
  3 endoplasms
  3 giant cockroaches
  A goblin (D:1)
  7 hobgoblins
  2 kobolds
  2 ball pythons (D:1)
  A frilled lizard (D:1)
  3 rats (D:1)
32 creatures vanquished.

Notes
Turn   | Place    | Note
-------+----------+-------------------------------------------
     0 | D:1      | qeuew the Spriggan Enchanter began the quest for the Orb.
     0 | D:1      | Reached XP level 1. HP: 9/9 MP: 5/5
     1 | D:1      | Found a runed translucent door.
     5 | D:1      | Noticed a jelly
   200 | D:1      | Reached XP level 2. HP: 13/13 MP: 6/6
   453 | D:1      | Reached skill level 5 in Stealth
   946 | D:1      | Gained mutation: You sometimes lose your temper in combat.
                  | [potion of mutation]
   946 | D:1      | Gained mutation: You expend magic power (3 MP) to
                  | strengthen your wands. [potion of mutation]
   996 | D:2      | Noticed Natasha
  1016 | D:1      | Killed Natasha
  1017 | D:1      | Reached XP level 3. HP: 5/16 MP: 8/8
  1024 | D:1      | Learned a level 2 spell: Ensorcelled Hibernation
  1028 | D:1      | Learned a level 3 spell: Confusing Touch
  1032 | D:1      | Learned a level 3 spell: Tukima's Dance
  1213 | D:2      | Reached XP level 4. HP: 21/21 MP: 10/10
  1982 | D:2      | Lost mutation: You expend magic power (3 MP) to strengthen
                  | your wands. [potion of mutation]
  1982 | D:2      | Lost mutation: You sometimes lose your temper in combat.
                  | [potion of mutation]
  1982 | D:2      | Gained mutation: You occasionally lose the ability to drink
                  | potions when taking damage. [potion of mutation]
  1982 | D:2      | Gained mutation: You are clumsy. (Dex -2) [potion of
                  | mutation]
  1990 | D:3      | Noticed a black bear
  2092 | D:3      | Slain by a black bear

Illustrated notes

Levels and vault maps discovered:
D:1:      dpeg_arrival_caged_fury, layout_basic, serial_aquarium,
          aquarium_bridge_straight [aquarium_subvault_bridge,
          aquarium_subvault_wall, aquarium_subvault_bridge,
          aquarium_subvault_window], aquarium_window_corridor_1,
          aquarium_window_fake, aquarium_view_2c, serial_bayou_pond_c,
          minmay_misc_feat_diagonals
D:2:      layout_basic, uniq_natasha
D:3:      layout_rooms, mainiacjoe_overflow_six_doors_small, uniq_robin

Skill      XL: |  1  2 |
---------------+-------+-----
Stealth        | 5 |  5.7
Spellcasting   | 3 |  3.3
Dodging        | 3 |  3.3
Hexes          | 4 |  4.1
Short Blades   | |  1.8

Action                     |  1- 3 |  4- 6 || total
---------------------------+-------+-------++-------
  Melee: Dagger            |   118 |    10 ||   128
         Punch             |     4 |       ||     4
   Cast: Ensorcelled Hiber |     1 |     4 ||     5
    Use: Potion            |     5 |     3 ||     8
         Scroll            |     3 |     2 ||     5
   Stab: Sleeping          |    12 |     2 ||    14
         Invisible         |     2 |       ||     2
 Armour: Robe              |    19 |     4 ||    23
  Dodge: Dodged            |    95 |    15 ||   110

Table legend: (Time is in decaauts)
 A = Elapsed time spent in this place.
 B = Non-inter-level travel time spent in this place.
 C = Inter-level travel time spent in this place.
 D = Time resting spent in this place.
 E = Time spent auto-exploring this place.
 F = Levels seen in this place.
 G = Mean time per level.
                   A        B        C        D        E       F      G
               +--------+--------+--------+--------+--------+-----+--------+
         Total |   1440 |   1440 |      0 |     65 |   1100 |   3 |  480.0 |
       Dungeon |   1440 |   1440 |      0 |     65 |   1100 |   3 |  480.0 |
               +--------+--------+--------+--------+--------+-----+--------+

Top non-repeatable levels by time:
     D:1: 743 daAuts
     D:2: 684 daAuts
     D:3: 12 daAuts
